 Dungeon Crawl Stone Soup version 0.22-a0-538-g76cc104 (webtiles) character file.

8028 iamserjio the Nimble (level 11, -1/77 HPs)
             Began as an Octopode Artificer on June 23, 2018.
             Was an Elder of Okawaru.
             Slain by an ice beast (14 damage)
             ... on level 12 of the Dungeon.
             The game lasted 00:30:46 (15106 turns).

iamserjio the Nimble (Octopode Artificer)          Turns: 15106, Time: 00:30:47

Health: -1/77      AC:  1    Str: 14    XL:     11   Next: 24%
Magic:  15/15      EV: 17    Int: 15    God:    Okawaru [****..]
Gold:   607        SH:  0    Dex: 12    Spells: 10/10 levels left

rFire    . . .     SeeInvis .   A - +0 rapier
rCold    . . .     Gourm    .   (no shield)
rNeg     . . .     Faith    .   (helmet restricted)
rPois    .         Spirit   .   (no amulet)
rElec    .         Reflect  .   i - ring of protection from magic
rCorr    .         Harm     .   t - ring of wizardry
MR       +....                  (no ring)
Stlth    +++++.....             (no ring)
HPRegen  0.22/turn              (no ring)
MPRegen  0.14/turn              (no ring)
                                (no ring)
                                (no ring)

@: hasted, very quick
A: almost no armour, stealthy swim, amphibious, 8 rings, constrict 8, camouflage
1, gelatinous body 1
a: Heroism, Renounce Religion


You were on level 12 of the Dungeon.
You worshipped Okawaru.
Okawaru was greatly pleased with you.
You were not hungry.

You visited 2 branches of the dungeon, and saw 13 of its levels.

You collected 835 gold pieces.
You spent 228 gold pieces at shops.

Inventory:

Hand Weapons
 b - a +0 fustibalus
 r - a +0 dagger of draining
 A - a +0 rapier (weapon)
 Q - a +0 falchion
Missiles
 q - 21 poisoned needles
 y - 2 silver javelins (quivered)
 C - 194 stones
 F - 45 sling bullets
 J - 3 needles of sleeping {!f}
 K - 4 needles of paralysis {!f}
 L - a throwing net {!f}
Armour
 T - a +0 shield
Jewellery
 i - a ring of protection from magic (left tentacle)
 t - a ring of wizardry (right tentacle)
Wands
 c - a wand of enslavement (6)
 e - a wand of random effects (16)
 M - a wand of disintegration (15)
 O - a wand of paralysis (2)
Scrolls
 d - 4 scrolls of immolation
 h - 3 scrolls of teleportation
 l - a scroll of amnesia {unknown}
 m - 3 scrolls of magic mapping
 o - 2 scrolls of fog
 p - 3 scrolls of enchant armour
 s - 3 scrolls of remove curse {@r2}
 B - a scroll of blinking {unknown}
 H - a scroll of random uselessness {unknown}
 I - 2 scrolls of enchant weapon
Potions
 k - a potion of brilliance
 n - 6 potions of curing {@q1}
 u - 2 potions of heal wounds
 v - a potion of resistance {unknown}
 w - a potion of berserk rage {unknown}
 z - a potion of haste
 D - a potion of might {unknown}
 E - a potion of ambrosia {unknown}
 N - a potion of mutation {unknown}
 S - a potion of magic {unknown}
Comestibles
 f - 12 rations
 P - 2 chunks of flesh


   Skills:
 + Level 8.1 Fighting
 - Level 8.0(8.8) Short Blades
 * Level 5.2(7.3) Long Blades
 + Level 8.3 Dodging
 + Level 8.3 Stealth
 * Level 1.8 Shields
 - Level 4.2 Invocations
 + Level 5.5 Evocations


You had 10 spell levels left.
You didn't know any spells.
Your spell library contained the following spells:

 Spells                   Type           Power        Failure   Level  Hunger
 Fireball                 Conj/Fire      #.........   95%         5    ######.
 Apportation              Tloc           #.....       11%         1    ##.....
 Conjure Flame            Conj/Fire      #.......     32%         3    ####...
 Throw Flame              Conj/Fire      #.....       16%         2    ###....
 Summon Small Mammal      Summ           #...         11%         1    ##.....
 Animate Skeleton         Necr           N/A          11%         1    ##.....
 Sticky Flame             Conj/Fire      #.......     69%         4    #####..
 Confusing Touch          Hex            #.....       11%         1    ##.....
 Flame Tongue             Conj/Fire      #....        11%         1    ##.....
 Inner Flame              Hex/Fire       #.......     32%         3    ####...


Dungeon Overview and Level Annotations

Branches:
Dungeon (11/15)            Temple (1/1) D:6            Lair (0/6) D:9
    Orc (0/2) D:10

Altars:
Ashenzari
Cheibriados
Dithmenos
Elyvilon
Fedhas
Hepliaklqana
Kikubaaqudgha
Makhleb
Nemelex Xobeh
Okawaru
Qazlal
Ru
Sif Muna
Trog
Vehumet
Yredelemnul
The Shining One

Shops:
D:12 *

Portals:
Ice
Cave: D:12

Annotations:
D:12 Urug


Innate Abilities, Weirdness & Mutations

You cannot wear most types of armour.
You are very stealthy in the water. (Stealth+)
You are amphibious.
You can wear up to eight rings at the same time.
You can use your tentacles to constrict eight enemies at once.
Your skin changes colour to match your surroundings (Stealth+).
Your rubbery body absorbs attacks. (AC +1, EV +1)


Message History

Found 17 gold pieces and a hand axe.
Found a frozen archway. 6 ice beasts come into view.
The helpless ice beast fails to defend itself.
You stick the ice beast like a pincushion!!!
You kill the ice beast!
Okawaru accepts your kill. The ice beast misses you.
A worker ant and a skeleton come into view.
The helpless ice beast fails to defend itself.
You impale the ice beast!!
You kill the ice beast!
Okawaru accepts your kill. The ice beast hits you. The ice beast freezes you!
Okay, then.
You feel yourself speed up. The ice beast hits you. The ice beast freezes you!
* * * LOW HITPOINT WARNING * * *
The ice beast hits you.
* * * LOW HITPOINT WARNING * * *
The ice beast freezes you!
You die...

.# ...#
#...####
#.....###
#.Y.YY@.#
#Y.∩.Y...Z....
#....Y....####.
#..........#
...........#
...........#
..).$......#
...a.......


You could see 6 ice beasts, a worker ant (sleeping) and a bullfrog skeleton
(wandering).

Vanquished Creatures
  A two-headed ogre (D:8)
  An unseen horror (D:10)
  An ugly thing (D:12)
  A troll (D:8)
  Grinder (D:3)
  3 slime creatures (D:12)
  2 hippogriffs
  A wraith (D:10)
  2 orc warriors
  4 yaks (D:12)
  3 hungry ghosts
  3 water moccasins
  4 black bears
  A hornet zombie (D:5)
  4 phantoms
  2 ice beasts (D:12)
  An ogre (D:8)
  3 centaurs
  A big kobold (D:8)
  5 bullfrogs
  A wyvern skeleton (D:10)
  3 troll zombies (D:10)
  5 killer bees (D:10)
  A scorpion (D:5)
  3 howler monkeys
  A crimson imp (D:12)
  A quasit (D:8)
  2 bullfrog zombies
  4 centaur skeletons
  4 hounds
  Crazy Yiuf (D:5)
  3 orc priests
  A bullfrog skeleton (D:5)
  3 jellies
  5 orc wizards
  4 iguanas
  4 worker ants
  3 ogre zombies (D:10)
  A worker ant zombie (D:6)
  3 gnolls (D:6)
  14 adders
  A shadow imp (D:6)
  3 oozes
  An adder zombie (D:6)
  An adder skeleton (D:9)
  3 dart slugs
  3 leopard geckos
  24 orcs
  2 ball pythons
  7 bats
  7 giant cockroaches
  7 goblins
  9 hobgoblins
  2 jackals (D:4)
  5 quokkas
  4 frilled lizards
  2 goblin skeletons (D:10)
  3 goblin zombies (D:10)
  3 hobgoblin skeletons (D:10)
  A hobgoblin zombie (D:10)
  11 kobolds
  A leopard gecko skeleton (D:4)
  2 orc skeletons (D:10)
  8 orc zombies (D:10)
  8 rats
229 creatures vanquished.

Vanquished Creatures (collateral kills)
  An orc wizard (D:8)
  An orc priest (D:8)
  An orc (D:8)
3 creatures vanquished.

Grand Total: 232 creatures vanquished

Notes
Turn   | Place    | Note
-------+----------+-------------------------------------------
     0 | D:1      | iamserjio the Octopode Artificer began the quest for the Orb.
     0 | D:1      | Reached XP level 1. HP: 13/13 MP: 3/3
   239 | D:1      | Reached XP level 2. HP: 16/18 MP: 4/4
   998 | D:2      | Reached XP level 3. HP: 17/23 MP: 5/5
  1821 | D:2      | Reached XP level 4. HP: 19/29 MP: 6/6
  2970 | D:3      | Noticed Grinder
  2981 | D:3      | Killed Grinder
  2981 | D:3      | Reached XP level 5. HP: 36/36 MP: 7/7
  2981 | D:3      | Reached XP level 6. HP: 41/41 MP: 8/8
  3878 | D:3      | Reached skill level 5 in Stealth
  3989 | D:4      | Noticed a phantom
  4160 | D:4      | Reached XP level 7. HP: 46/46 MP: 9/9
  5157 | D:4      | Found a deep blue altar of Sif Muna.
  5484 | D:5      | Entered Level 5 of the Dungeon
  6144 | D:5      | Reached skill level 5 in Short Blades
  6144 | D:5      | Reached XP level 8. HP: 15/54 MP: 10/10
  6744 | D:5      | Found a sparkling altar of Nemelex Xobeh.
  6991 | D:5      | Found a runed door.
  6996 | D:5      | Noticed Crazy Yiuf
  7004 | D:5      | Killed Crazy Yiuf
  7400 | D:6      | Reached skill level 5 in Dodging
  7471 | D:6      | Found a bloodstained altar of Trog.
  7673 | D:6      | Found a staircase to the Ecumenical Temple.
  7736 | D:6      | Reached skill level 5 in Fighting
  7774 | Temple   | Entered the Ecumenical Temple
  7780 | Temple   | Became a worshipper of Warmaster Okawaru
  8110 | D:7      | Reached XP level 9. HP: 38/61 MP: 11/11
  8405 | D:7      | Reached skill level 1 in Invocations
  9216 | D:7      | Found a sparkling altar of Nemelex Xobeh.
  9457 | D:8      | Found a stormy altar of Qazlal.
  9476 | D:8      | Found a white marble altar of Elyvilon.
  9484 | D:8      | Found a hazy altar of Hepliaklqana.
  9960 | D:8      | Found a snail-covered altar of Cheibriados.
 10116 | D:8      | Noticed a two-headed ogre
 10117 | D:8      | Found an ancient bone altar of Kikubaaqudgha.
 10123 | D:8      | Killed a two-headed ogre
 10123 | D:8      | Reached * piety under Okawaru
 10123 | D:8      | Reached ** piety under Okawaru
 10123 | D:8      | Reached XP level 10. HP: 55/69 MP: 11/13
 11394 | D:9      | Found a shattered altar of Ashenzari.
 11425 | D:9      | Found a staircase to the Lair.
 11733 | D:9      | Found a sacrificial altar of Ru.
 11946 | D:10     | Entered Level 10 of the Dungeon
 12324 | D:10     | Reached skill level 1 in Long Blades
 12699 | D:10     | Killed an unseen horror
 12699 | D:10     | Reached *** piety under Okawaru
 13024 | D:10     | Found a staircase to the Orcish Mines.
 13867 | D:10     | Reached **** piety under Okawaru
 14002 | D:10     | Received a gift from Okawaru
 14529 | D:11     | Noticed a two-headed ogre
 14531 | D:11     | Noticed a two-headed ogre
 14539 | D:11     | Reached skill level 5 in Evocations
 14546 | D:11     | HP: 1/72 [two-headed ogre/giant club (19)]
 14873 | D:11     | You fall through a shaft!
 14873 | D:12     | Found Midetofu's Assorted Antiques.
 14888 | D:12     | Reached XP level 11. HP: 66/77 MP: 14/14
 15012 | D:12     | Noticed a green ugly thing
 15018 | D:12     | Bought a scroll of identify for 44 gold pieces
 15018 | D:12     | Bought a scroll labeled VITTUO MEJIVI for 22 gold pieces
 15018 | D:12     | Bought a silvery potion for 19 gold pieces
 15018 | D:12     | Bought a scroll of identify for 44 gold pieces
 15018 | D:12     | Bought a shield for 99 gold pieces
 15038 | D:12     | Killed a green ugly thing
 15038 | D:12     | Reached skill level 1 in Shields
 15053 | D:12     | Reached skill level 5 in Long Blades
 15087 | D:12     | Noticed Urug
 15102 | D:12     | Found a frozen archway.
 15106 | D:12     | Slain by an ice beast

Vault maps used:
D:1:      eino_arrival_cavern_b, hangedman_decor_diamond_cutter,
          hangedman_abyss_or_decor_stabs, minivault_24, hex_large
D:3:      first_ration, uniq_grinder
D:4:      tgw_sif
D:5:      nemelex_xobeh_ov_fountains_minmay, uniq_crazy_yiuf_cottage
D:6:      minmay_temple_entry_overgrown, minmay_misc_feat_hallway,
          trog_hazing_becter
D:7:      nemelex_spade_bored_becter
D:8:      nicolae_overflow_hidden_temple, grunt_temple_overflow_open,
          kiku_gazebo_pond_becter
D:9:      kennysheep_mini_moat, lemuel_doored_altar, david_lair_shrubbed
D:10:     zombieorc1_lemuel
D:12:     serial_shops, shop, portal_ice_cave_entry_ice_beasts,
          blue_anna_alchemist, uniq_urug
Temple:   eino_narrow_crystal_temple

Skill      XL: |  1  2  3  4  5  6  7  8  9 10 11 |
---------------+----------------------------------+-----
Stealth        | 2 3 4 5 6 7 8 |  8.3
Fighting       | 2 3 4 5 6 7 8 |  8.1
Short Blades   | 3 5 6 7 8 |  8.0
Dodging        | 3 4 5 6 8 |  8.3
Invocations    | 4 |  4.2
Long Blades    | 4 5 |  5.2
Evocations     | 5 |  5.5
Shields        | 1 |  1.8

Action                   |  1- 3 |  4- 6 |  7- 9 | 10-12 || total
-------------------------+-------+-------+-------+-------++-------
Melee: Short sword       |    66 |    72 |    79 |       ||   217
       Constrict         |    13 |    23 |    44 |    32 ||   112
       Tentacles         |     9 |    13 |    51 |    60 ||   133
       Dagger            |       |    31 |   129 |    44 ||   204
       Rapier            |       |       |    76 |   164 ||   240
       Falchion          |       |       |       |    55 ||    55
       Punch             |       |       |       |     1 ||     1
 Fire: Fustibalus        |       |       |    23 |    42 ||    65
Throw: Tomahawk          |       |       |       |     1 ||     1
Invok: Heroism           |       |       |       |     2 ||     2
Evoke: Wand              |       |    18 |    20 |    20 ||    58
  Use: Potion            |       |     3 |     1 |     2 ||     6
       Scroll            |       |       |     7 |    10 ||    17
 Stab: Sleeping          |    12 |     4 |    21 |    28 ||    65
       Paralysed         |       |     4 |       |    12 ||    16
       Distracted        |       |       |     1 |     1 ||     2
  Eat: Chunk             |     3 |     7 |    12 |     6 ||    28
       Ration            |       |       |     4 |     4 ||     8
Armor: Skin              |     1 |    19 |    11 |     9 ||    40
Dodge: Dodged            |    34 |    50 |   181 |   170 ||   435
       Rpst.: Falchion   |       |       |       |    14 ||    14

Table legend:
 A = Spawn XP
 B = Non-spawn XP
 C = Spawn XP percentage of total XP
 D = Spawn monster count
 E = Non-spawn monster count
 F = Spawn count percentage of total count
 G = Total turns spent on level
                    A         B        C        D         E        F      G
               +---------+---------+-------+---------+---------+-------+---------
         Total |       0 |   11469 |   0.0 |       0 |     232 |   0.0 | 15106
               +---------+---------+-------+---------+---------+-------+---------
           D:1 |       0 |      20 |   0.0 |       0 |      14 |   0.0 |   912
           D:2 |       0 |      69 |   0.0 |       0 |      18 |   0.0 |  1513
           D:3 |       0 |     469 |   0.0 |       0 |      31 |   0.0 |  1561
           D:4 |       0 |     334 |   0.0 |       0 |      14 |   0.0 |  1843
           D:5 |       0 |     724 |   0.0 |       0 |      17 |   0.0 |  1332
           D:6 |       0 |     708 |   0.0 |       0 |      21 |   0.0 |   908
           D:7 |       0 |     835 |   0.0 |       0 |      13 |   0.0 |  1276
           D:8 |       0 |    2468 |   0.0 |       0 |      26 |   0.0 |  1908
           D:9 |       0 |     380 |   0.0 |       0 |       8 |   0.0 |   955
          D:10 |       0 |    2760 |   0.0 |       0 |      49 |   0.0 |  2546
          D:11 |       0 |     151 |   0.0 |       0 |       9 |   0.0 |   106
          D:12 |       0 |    2551 |   0.0 |       0 |      12 |   0.0 |   233
               +---------+---------+-------+---------+---------+-------+---------
